 Dungeon Sprint DCSS version 0.24.0-41-g2ae2f7f1be (webtiles) character file.

Game seed: 8387770759918191128, levelgen mode: deterministic

634 Groucho the Protected (level 7, -3/73 HPs)
             Began as a Deep Dwarf Fighter on Dec 13, 2019.
             Was a Follower of Makhleb.
             Slain by a two-headed ogre
             ... wielding a +0 giant club
              (9 damage)
             ... in the Dungeon (Sprint IX: "|||||||||||||||||||||||||||||").
             The game lasted 00:02:16 (176 turns).

Groucho the Protected (Deep Dwarf Fighter)           Turns: 176, Time: 00:02:16

Health: -3/73      AC: 13    Str: 21    XL:     7   Next: 25%
Magic:  7/7        EV:  7    Int:  9    God:    Makhleb [*.....]
Gold:   0          SH: 11    Dex: 12    Spells: 6/6 levels left

rFire    . . .     SeeInvis .   o - +1 broad axe (chop)
rCold    . . .     Gourm    .   c - +0 shield
rNeg     . . .     Faith    .   p - +1 chain mail
rPois    .         Spirit   .   (no helmet)
rElec    .         Reflect  .   (no cloak)
rCorr    .         Harm     .   (no gloves)
MR       +....     NoTele   +   a - +0 pair of boots
Stlth    ..........             (no amulet)
HPRegen  0.00/turn              (no ring)
MPRegen  0.10/turn              (no ring)

@: berserk cooldown, very slightly contaminated, non-regenerating, hasted and
slowed, invisible
A: damage resistance, heal wounds, sense surroundings 1, no regeneration
a: Heal Wounds, Renounce Religion


You were in the Dungeon.
You worshipped Makhleb.
Makhleb was aware of your devotion.
You were not hungry.

You visited 1 branch

Inventory:

Hand Weapons
 o - a +1 broad axe of chopping (weapon)
Armour
 a - a +0 pair of boots (worn)
 b - a +0 scale mail
 c - a +0 shield (worn)
 p - a +1 chain mail (worn)
Wands
 n - a wand of acid (10)
Scrolls
 k - 2 scrolls of blinking
 l - 3 scrolls of remove curse
 m - 2 scrolls of amnesia
Potions
 e - 2 potions of curing
 i - 4 potions of magic
Comestibles
 f - a ration


   Skills:
 + Level 7.8 Fighting
 + Level 9.0 Axes
 + Level 9.3 Armour
 + Level 9.3 Shields


You had 6 spell levels left.
You didn't know any spells.
Your spell library was empty.

Dungeon Overview and Level Annotations

Branches:
Dungeon (1/1)

Altars:
Cheibriados
Dithmenos
Elyvilon
Fedhas
Gozag
Hepliaklqana
Kikubaaqudgha
Makhleb
Nemelex Xobeh
Okawaru
Qazlal
Ru
Sif Muna
Trog
Uskayaw
Vehumet
Wu Jian
Xom
Yredelemnul
Zin
The Shining One
Beogh
Jiyva
Lugonu


Innate Abilities, Weirdness & Mutations

You are resistant to damage.
You can heal yourself by infusing magical energy.
You passively map a small area around you.
You do not regenerate.


Message History

You block the two-headed ogre's attack.
The two-headed ogre hits you with a +0 giant club!
* * * LOW HITPOINT WARNING * * *
You block the two-headed ogre's attack.
You are very lightly contaminated with residual magic.
You see here a +3 ring of intelligence.
You feel yourself speed up.
The two-headed ogre hits you but does no damage.
You block the two-headed ogre's attack.
You see here a +0 pair of boots.
Items here: ))))))
You see here an uncursed staff of energy.
You feel better. You block the two-headed ogre's attack.
The two-headed ogre hits you with a +0 giant club!
* * * LOW HITPOINT WARNING * * *
You feel better.
The two-headed ogre hits you with a +0 giant club!
* * * LOW HITPOINT WARNING * * *
The two-headed ogre hits you with a +0 giant club!
You die...

▓▓▓▓▓▓▓▓▓▓▓▓▓▓▓▓▓▓▓▓▓▓▓▓▓▓▓▓▓▓
*
_____________'..@OK[.==[......
▓▓▓▓▓▓▓▓▓▓▓▓▓▓▓▓▓▓▓▓▓▓▓▓▓▓▓▓▓▓
,,,, ,,, * ** ** * , ,,, , , ,
, * * * * ** ** * , , ,, , * *
* * , ∩


You could see a two-headed ogre and a big kobold.

Vanquished Creatures
  A troll (D)
  A wraith (D)
  An ice beast (D)
  A necrophage (D)
  2 crimson imps (D)
  A worker ant (D)
  An adder (D)
  A worm (D)
  A bat (D)
  A goblin (D)
  A frilled lizard (D)
  A kobold (D)
  A rat (D)
14 creatures vanquished.

Notes
Turn   | Place    | Note
-------+----------+-------------------------------------------
     0 | D        | Groucho the Deep Dwarf Fighter began the quest for the Orb.
     0 | D        | Reached XP level 1. HP: 20/20 MP: 1/1
    16 | D        | Noticed a crimson imp
    16 | D        | Noticed a worker ant
    16 | D        | Noticed an ice beast
    22 | D        | Killed a crimson imp
    22 | D        | Reached XP level 2. HP: 30/30 MP: 2/2
    22 | D        | Reached XP level 3. HP: 36/36 MP: 3/3
    31 | D        | Reached skill level 5 in Armour
    31 | D        | Reached skill level 5 in Shields
    34 | D        | Reached XP level 4. HP: 42/45 MP: 4/4
    44 | D        | Killed an ice beast
    44 | D        | Reached skill level 5 in Fighting
    44 | D        | Reached XP level 5. HP: 34/52 MP: 5/5
    51 | D        | Found a roughly hewn altar of Beogh.
    51 | D        | Found a snail-covered altar of Cheibriados.
    51 | D        | Found a shadowy altar of Dithmenos.
    51 | D        | Found a white marble altar of Elyvilon.
    51 | D        | Found a blossoming altar of Fedhas.
    51 | D        | Found an opulent altar of Gozag.
    52 | D        | Found a hazy altar of Hepliaklqana.
    53 | D        | Found a viscous altar of Jiyva.
    54 | D        | Found an ancient bone altar of Kikubaaqudgha.
    55 | D        | Found a corrupted altar of Lugonu.
    56 | D        | Found a burning altar of Makhleb.
    57 | D        | Found a sparkling altar of Nemelex Xobeh.
    58 | D        | Found an iron altar of Okawaru.
    59 | D        | Found a stormy altar of Qazlal.
    60 | D        | Found a sacrificial altar of Ru.
    61 | D        | Found a shimmering blue altar of Sif Muna.
    62 | D        | Found a bloodstained altar of Trog.
    63 | D        | Found a hide-covered altar of Uskayaw.
    64 | D        | Found a radiant altar of Vehumet.
    65 | D        | Found an ornate altar of the Wu Jian Council.
    66 | D        | Found a shimmering altar of Xom.
    67 | D        | Found a basalt altar of Yredelemnul.
    68 | D        | Found a glowing silver altar of Zin.
    69 | D        | Found a glowing golden altar of the Shining One.
    78 | D        | Became a worshipper of Makhleb the Destroyer
   130 | D        | Noticed a necrophage
   130 | D        | Noticed a troll
   130 | D        | Noticed a wraith
   130 | D        | Noticed a two-headed ogre
   133 | D        | Killed a necrophage
   137 | D        | Reached XP level 6. HP: 35/63 MP: 6/6
   152 | D        | Killed a troll
   152 | D        | Reached * piety under Makhleb
   160 | D        | Killed a wraith
   160 | D        | Reached XP level 7. HP: 36/73 MP: 7/7
   176 | D        | Slain by a two-headed ogre

Levels and vault maps discovered:
D:        linesprint [early_d, line_temple, items_1, d_10, items_2, lair_1,
          lair_end, items_3, orc_1, orc_end, items_4, d_15, swamp_1, shoals_1,
          snake_1, spider_1, d_20, vaults_1, items_5, swamp_end, shoals_end,
          snake_end, spider_end, vaults_end, d_27, items_6, zot_1, zot_end,
          crypt_end, forest_end, elf_end, slime_end, tomb_end, abyss_end,
          pan_hell_end]

Skill      XL: |  1  2  3  4  5  6 |
---------------+-------------------+-----
Fighting       | 4 5 6 7 |  7.8
Axes           | 4 6 7 9 |  9.0
Armour         | 4 5 6 7 9 |  9.3
Shields        | 4 5 6 7 9 |  9.3

Action                   |  1- 3 |  4- 6 |  7- 9 || total
-------------------------+-------+-------+-------++-------
Melee: War axe           |    23 |    10 |       ||    33
       Broad axe         |       |    27 |     4 ||    31
  Use: Potion            |     1 |     3 |     6 ||    10
Armor: Scale mail        |     9 |     6 |       ||    15
       Chain mail        |       |    18 |     4 ||    22
Dodge: Dodged            |    12 |    16 |     4 ||    32
Block: Shield            |     5 |    24 |     8 ||    37
